 Dungeon Crawl Stone Soup version 0.21-a0-632-g1e37ce5 (console) character file.

315 removed the Grave Robber (level 5, -6/38 HPs)
             Began as a Demigod Necromancer on Dec 27, 2017.
             Killed by divine providence
             ... invoked by an orc priest
              (10 damage)
             ... on level 4 of the Dungeon.
             The game lasted 00:11:00 (5859 turns).

removed the Grave Robber (Demigod Necromancer)      Turns: 5859, Time: 00:11:01

Health: -6/38      AC:  4    Str: 11    XL:     5   Next: 99%
Magic:  2/13       EV: 12    Int: 21    God:
Gold:   132        SH:  0    Dex: 16    Spells: 6/10 levels left

rFire    . . .     SeeInvis .   a - +2 short sword (speed)
rCold    . . .     Gourm    .   (no shield)
rNeg     . . .     Faith    .   D - +1 animal skin
rPois    .         Spirit   .   B - +0 helmet
rElec    .         Reflect  .   (no cloak)
rCorr    .         Harm     .   (no gloves)
MR       .....                  (no boots)
Stlth    ++........             (no amulet)
HPRegen  0.12/turn              (no ring)
MPRegen  0.13/turn              (no ring)

@: no status effects
A: high mp 1
a: no special abilities


You were on level 4 of the Dungeon.
You were not hungry.

You visited 1 branch of the dungeon, and saw 4 of its levels.

You collected 132 gold pieces.

Inventory:

Hand Weapons
 a - a +2 short sword of speed (weapon)
 d - a +0 club
 j - a +0 dagger
 o - a +0 short sword
 s - a +0 spear
Armour
 w - a +0 robe
 B - a +0 helmet (worn)
 D - a +1 animal skin (worn)
Scrolls
 l - a scroll of random uselessness {unknown}
 m - a scroll of fear {unknown}
 p - a scroll of fog {unknown}
 q - a scroll of amnesia {unknown}
 r - a scroll of teleportation {unknown}
 v - 2 scrolls of remove curse {unknown}
 x - 2 scrolls of enchant weapon
 y - a scroll of enchant armour {unknown}
 z - 2 scrolls of immolation {unknown}
 F - a scroll of identify {unknown}
Potions
 g - 3 potions of curing {unknown}
 i - a potion of heal wounds {unknown}
 k - a potion of haste {unknown}
 t - 2 potions of agility {unknown}
 A - 2 potions of magic {unknown}
Books
 b - a book of Necromancy

   Spells                             Type                      Level
   a - Pain                           Necromancy                   1
   b - Animate Skeleton               Necromancy                   1
   c - Vampiric Draining              Necromancy                   3
   d - Regeneration                   Charms/Necromancy            3
   e - Animate Dead                   Necromancy                   4
   f - Borgnjor's Vile Clutch         Necromancy/Earth             5
Comestibles
 c - 6 rations


   Skills:
 - Level 1.7 Dodging
 - Level 1.7 Stealth
 + Level 3.4 Spellcasting
 - Level 6.0 Necromancy


You had 6 spell levels left.
You knew the following spells:

 Your Spells              Type           Power        Failure   Level  Hunger
a - Pain                  Necr           ####         1%          1    None
b - Vampiric Draining     Necr           ####......   3%          3    ###....


Dungeon Overview and Level Annotations

Branches:
Dungeon (4/15)
 Temple: D:4-7

Annotations:
D:3 exclusion: downstairs, Grinder; Sigmund; wazuzu's ghost, amateur DsGl


Innate Abilities, Weirdness & Mutations

You have an increased reservoir of magic. (+10% MP)


Message History

You hit the orc priest.
The orc priest is moderately wounded.
You hit the orc priest but do no damage.
The orc priest is moderately wounded.
The orc priest hits you with a falchion.
* * * LOW HITPOINT WARNING * * *
The orc barely misses you.
You closely miss the orc priest.
The orc priest is moderately wounded.
The orc priest invokes the aid of Beogh against you.
Pain shoots through your body!
* * * LOW HITPOINT WARNING * * *
You hit the orc priest.
The orc priest is heavily wounded.
The orc barely misses you.
You closely miss the orc priest.
The orc priest is heavily wounded.
The orc priest calls down the wrath of Beogh upon you.
Beogh smites you!
You die...

...........# #...........#
.........h.#####+###...........#
..Z.........................(..#
..............................###
#'##+####....##..........##.
##%##..###....##..........'..
#.............#...........#..
#........###oo#...........##.
#.)>.....#.#@.#...........##.
#........#'#..#..............
#........)....#..............
#############################


You could see an orc priest and an orc.

Vanquished Creatures
  A howler monkey (D:4)
  A bullfrog skeleton (D:4)
  Jessica (D:2)
  Natasha (thrice) (D:2)
  A hound skeleton (D:4)
  Robin (D:2)
  3 adders
  A shadow imp (D:2)
  2 worms
  3 dart slugs (D:1)
  5 orcs
  A ball python (D:2)
  A giant cockroach (D:2)
  14 goblins
  8 hobgoblins
  5 jackals
  3 quokkas
  4 bats
  3 frilled lizards (D:1)
  A giant cockroach zombie (D:4)
  9 kobolds
  A quokka skeleton (D:4)
  9 rats
81 creatures vanquished.

Vanquished Creatures (others)
  A goblin (D:3)
1 creature vanquished.

Grand Total: 82 creatures vanquished

Notes
Turn   | Place    | Note
-------+----------+-------------------------------------------
     0 | D:1      | removed the Demigod Necromancer began the quest for the Orb.
     0 | D:1      | Reached XP level 1. HP: 14/14 MP: 5/5
   315 | D:1      | Reached skill level 4 in Necromancy
   430 | D:1      | Reached XP level 2. HP: 16/20 MP: 1/7
  1754 | D:2      | Noticed Natasha
  1815 | D:2      | Reached XP level 3. HP: 25/26 MP: 5/8
  2022 | D:2      | Learned a level 3 spell: Vampiric Draining
  2044 | D:2      | Found a radiant altar of Vehumet.
  2375 | D:2      | Found a sparkling altar of Nemelex Xobeh.
  2503 | D:2      | Found an ornate altar of the Wu Jian Council.
  2504 | D:2      | Noticed Jessica
  2506 | D:2      | Killed Jessica
  2506 | D:2      | Reached skill level 5 in Necromancy
  2573 | D:2      | Reached XP level 4. HP: 32/33 MP: 6/9
  3052 | D:2      | Killed Natasha
  3112 | D:2      | Found an ornate altar of the Wu Jian Council.
  3380 | D:2      | Found a sparkling altar of Nemelex Xobeh.
  3616 | D:2      | Found a radiant altar of Vehumet.
  3745 | D:2      | Noticed Natasha
  3755 | D:2      | Killed Natasha
  3940 | D:2      | Noticed Natasha
  3945 | D:2      | Killed Natasha
  3945 | D:2      | Reached skill level 6 in Necromancy
  3945 | D:2      | Reached XP level 5. HP: 35/38 MP: 5/10
  4008 | D:3      | Noticed Robin
  4024 | D:2      | Killed Robin
  4057 | D:3      | Noticed wazuzu's ghost (amateur DsGl)
  4345 | D:3      | Noticed Sigmund
  4529 | D:3      | Found a burning altar of Makhleb.
  4538 | D:3      | Found a basalt altar of Yredelemnul.
  4571 | D:3      | Found a blossoming altar of Fedhas.
  4694 | D:3      | Noticed Grinder
  4821 | D:4      | Noticed an ogre
  5318 | D:3      | Found an ancient bone altar of Kikubaaqudgha.
  5703 | D:4      | Found Umuotox's Jewellery Boutique.
  5859 | D:4      | Killed from afar by an orc priest

Vault maps used:
D:1:      lightli_iron_boxes, minmay_split_cup_small
D:2:      vehumet_crystals, nicolae_overflow_hidden_temple,
          overflow_temple_1_default, serial_forest,
          infiniplex_forest_clump_double, infiniplex_forest_lined_4_way,
          infiniplex_forest_end_3, infiniplex_forest_clump_long,
          infiniplex_forest_clump_curved, infiniplex_forest_join,
          minmay_pentomino_z2, uniq_natasha, uniq_jessica
D:3:      lemuel_round_altar, minitemple, serial_co_window_serial,
          co_window_paths_b, co_window_corner_a, co_window_of_opportunity_a,
          co_window_of_opportunity_a, co_window_paths_b, co_window_corner_a,
          co_window_of_opportunity_a, co_window_cross_2, co_window_2corner,
          co_window_corner_b, co_window_cross_2, co_window_corner_b,
          glass_columns_a, glass_columns_a, glass_columns_a, fedhas_altar_1,
          uniq_sigmund, uniq_grinder, uniq_robin
D:4:      lemuel_doored_altar, first_ration, serial_shops,
          nicolae_shop_window_shopping, serial_undead, serial_undead_e,
          serial_undead_c, serial_undead_a, serial_undead_a, uniq_ijyb

Skill      XL: |  1  2  3  4  5 |
---------------+----------------+-----
Necromancy     | 4 5 6 |  6.0
Spellcasting   | 3 |  3.4
Dodging        | |  1.7
Stealth        | |  1.7

Action                   |  1- 3 |  4- 6 || total
-------------------------+-------+-------++-------
Melee: Dagger            |     3 |       ||     3
       Short sword       |       |    52 ||    52
 Cast: Pain              |    71 |    76 ||   147
       Vampiric Draining |       |     3 ||     3
  Use: Scroll            |       |     1 ||     1
  Eat: Chunk             |     6 |     7 ||    13
       Ration            |       |     1 ||     1
Armor: Robe              |     2 |     2 ||     4
       Animal skin       |       |    14 ||    14
Dodge: Dodged            |     4 |    44 ||    48

Table legend:
 A = Spawn XP
 B = Non-spawn XP
 C = Spawn XP percentage of total XP
 D = Spawn monster count
 E = Non-spawn monster count
 F = Spawn count percentage of total count
 G = Total turns spent on level
                    A         B        C        D         E        F      G
               +---------+---------+-------+---------+---------+-------+---------
         Total |       0 |     450 |   0.0 |       0 |      81 |   0.0 |  5859
               +---------+---------+-------+---------+---------+-------+---------
           D:1 |       0 |      42 |   0.0 |       0 |      23 |   0.0 |  1620
           D:2 |       0 |     222 |   0.0 |       0 |      31 |   0.0 |  2836
           D:3 |       0 |      61 |   0.0 |       0 |      17 |   0.0 |  1201
           D:4 |       0 |     125 |   0.0 |       0 |      10 |   0.0 |   202
               +---------+---------+-------+---------+---------+-------+---------
